 Dungeon Crawl Stone Soup version 0.23.0 (webtiles) character file.

Game seed: 12509916659022770109

77 Haldmier the Sneak (level 4, -1/24 HPs)
             Began as a Tengu Enchanter on Feb 10, 2019.
             Slain by a bullfrog (7 damage)
             ... on level 2 of the Dungeon.
             The game lasted 00:09:35 (2472 turns).

Haldmier the Sneak (Tengu Enchanter)                Turns: 2472, Time: 00:09:36

Health: -1/24      AC:  2    Str:  8    XL:     4   Next: 34%
Magic:  2/8        EV: 12    Int: 22    God:
Gold:   122        SH:  3    Dex: 14    Spells: 1/7 levels left

rFire    . . .     SeeInvis .   a - +1 dagger
rCold    . . .     Gourm    .   r - +0 buckler
rNeg     . . .     Faith    .   b - +0 robe
rPois    .         Spirit   .   (helmet restricted)
rElec    .         Reflect  .   (no cloak)
rCorr    .         Harm     .   (no gloves)
MR       .....                  (boots unavailable)
Stlth    ++........             (no amulet)
HPRegen  0.08/turn              (no ring)
MPRegen  0.11/turn              (no ring)

@: brilliant
A: beak, talons 3
a: no special abilities


You were on level 2 of the Dungeon.
You were hungry.

You visited 1 branch of the dungeon, and saw 2 of its levels.

You collected 122 gold pieces.

Inventory:

Hand Weapons
 a - a +1 dagger (weapon)
Missiles
 i - 71 stones (quivered)
 p - 10 tomahawks
Armour
 b - a +0 robe (worn)
 r - a +0 buckler (worn)
Jewellery
 s - an uncursed amulet of the gourmand {unknown}
Scrolls
 h - a scroll of teleportation {unknown}
 k - a scroll of amnesia {unknown}
 l - 3 scrolls of remove curse {unknown}
 m - 2 scrolls of fear {unknown}
 t - 2 scrolls of identify {unknown}
Potions
 c - a potion of cancellation {unknown}
 e - 2 potions of brilliance
 f - a potion of lignification {unknown}
 g - a potion of resistance {unknown}
 j - a potion of haste {unknown}
 n - 2 potions of agility {unknown}
 o - a potion of heal wounds {unknown}
 q - a potion of degeneration {unknown}
Comestibles
 d - 4 rations


   Skills:
 + Level 1.8 Short Blades
 + Level 2.7 Dodging
 + Level 3.4 Stealth
 * Level 0.5 Shields
 + Level 2.4 Spellcasting
 * Level 2.5 Hexes
 * Level 1.1 Ice Magic


You had one spell level left.
You knew the following spells:

 Your Spells              Type           Power        Failure   Level  Hunger
a - Corona                Hex            ####...      1%          1    None
b - Ensorcelled Hibernat  Hex/Ice        ###...       1%          2    ##.....
c - Confuse               Hex            ####....     2%          3    ###....

Your spell library contained the following spells:

 Spells                   Type           Power        Failure   Level  Hunger
 Tukima's Dance           Hex            ####....     2%          3    ###....
 Dazzling Spray           Conj/Hex       ###...       4%          3    ###....


Dungeon Overview and Level Annotations

Branches:
Dungeon (2/15)

Altars:
Gozag
Zin


Innate Abilities, Weirdness & Mutations

You have a beak for a mouth.
You have claws for feet.


Message History

The bullfrog hits you.
You completely miss the bullfrog.
The bullfrog is lightly wounded.
The bullfrog hits you.
The bullfrog hits you but does no damage.
Really walk into that dispersal trap?
You enter a dispersal trap!
The bullfrog blinks! x5; You blink.
The bullfrog barely misses you. The bullfrog hits you. The bullfrog hits you.
* * * LOW HITPOINT WARNING * * *
Really walk into that dispersal trap?
You enter a dispersal trap!
The bullfrog blinks! x2; You blink.
It was a potion of brilliance.
You feel clever all of a sudden. The bullfrog hits you.
* * * LOW HITPOINT WARNING * * *
The bullfrog misses you. The bullfrog hits you!
You die...

).....# #........# #.#
#.###.# #........# #.# #.#
###..#...#.# #.# #.#
............#####. #..
..##P##.##........ ###
.#...PP.#..###### #
#..#.....P#..#
#####..+......#..#
....)..+P.....#.@#
##.....#.....P.F##
##.##..#...^..P.# #########
.......####P..#.#####.......#
>#.##...........##......###.#
.#.....###.##.###...#.#.# #.#
.#....................#.###.#
.##.#..###......#...#.......#
...........#...###.####.#####


You could see a bullfrog.

Vanquished Creatures
  2 gnolls (D:2)
  An ooze (D:1)
  3 leopard geckos
  7 bats
  3 giant cockroaches
  10 goblins
  6 hobgoblins
  2 jackals (D:1)
  4 kobolds
  A ball python (D:1)
  4 frilled lizards
  4 rats
47 creatures vanquished.

Notes
Turn   | Place    | Note
-------+----------+-------------------------------------------
     0 | D:1      | Haldmier the Tengu Enchanter began the quest for the Orb.
     0 | D:1      | Reached XP level 1. HP: 10/10 MP: 4/4
   391 | D:1      | Reached XP level 2. HP: 14/15 MP: 4/6
   395 | D:1      | Learned a level 2 spell: Ensorcelled Hibernation
   667 | D:1      | Found a glowing silver altar of Zin.
   728 | D:1      | Reached XP level 3. HP: 14/19 MP: 3/7
  1465 | D:2      | Found an opulent altar of Gozag.
  1549 | D:2      | Learned a level 3 spell: Confuse
  1834 | D:2      | Reached skill level 1 in Ice Magic
  1834 | D:2      | Reached XP level 4. HP: 24/24 MP: 3/8
  1897 | D:2      | Noticed a bullfrog
  2472 | D:2      | Slain by a bullfrog

Skill      XL: |  1  2  3 |
---------------+----------+-----
Ice Magic      | 1 |  1.1
Short Blades   | |  1.8
Dodging        | |  2.7
Stealth        | |  3.4
Shields        | |  0.5
Spellcasting   | |  2.4
Hexes          | |  2.5

Action                   |  1- 3 |  4- 6 || total
-------------------------+-------+-------++-------
Melee: Dagger            |    77 |    21 ||    98
       Kick              |    17 |     1 ||    18
       Peck              |     8 |       ||     8
 Cast: Corona            |    13 |       ||    13
       Ensorcelled Hiber |     9 |     9 ||    18
  Use: Potion            |       |     1 ||     1
 Stab: Sleeping          |    13 |     2 ||    15
  Eat: Chunk             |     4 |     2 ||     6
Armor: Robe              |    13 |     1 ||    14
Dodge: Dodged            |    48 |    14 ||    62
Block: Buckler           |       |     3 ||     3
